 Dungeon Crawl Stone Soup version 0.18-a0-1267-gff090c1 (webtiles) character file.

373 namelastname112 the Shooter (level 6, -2/52 HPs)
             Began as a Draconian Hunter on Feb 6, 2016.
             Slain by an ogre
             ... wielding a +0 giant club
              (20 damage)
             ... on level 4 of the Dungeon.
             The game lasted 00:04:02 (2731 turns).

namelastname112 the Shooter (Draconian Hunter)      Turns: 2731, Time: 00:04:03

Health: -2/52      AC:  7    Str: 18    XL:     6   Next: 43%
Magic:  6/6        EV: 13    Int: 11    God:
Gold:   159        SH:  0    Dex: 14    Spells: 0 memorised, 5 levels left

rFire  . . .     SeeInvis .     a - +1 shortbow
rCold  + . .     Gourm    .     (armour unavailable)
rNeg   . . .     Faith    .     (shield currently unavailable)
rPois  .         Spirit   .     (helmet restricted)
rElec  .         Dismiss  .     (no cloak)
rCorr  .         Reflect  .     e - +0 pair of gloves
SustAt .         Harm     .     (no boots)
MR     .....                    (no amulet)
Stlth  ++........               m - +4 ring of strength
                                l - ring of protection from cold

@: not resistant to hostile enchantments, unstealthy
A: unfitting armour, cold-blooded, AC +6
a: no special abilities


You were on level 4 of the Dungeon.
You were not hungry.

You visited 1 branch of the dungeon, and saw 4 of its levels.

You collected 159 gold pieces.

Inventory:

Hand Weapons
 a - a +1 shortbow (weapon)
 b - a +0 short sword
 t - a +2 war axe of freezing
Missiles
 f - 12 arrows of flame (quivered)
Armour
 e - a +0 pair of gloves (worn)
Jewellery
 l - a ring of protection from cold (left hand)
 m - a +4 ring of strength (right hand)
Scrolls
 h - a scroll of fear {unknown}
 o - a scroll of fog {unknown}
 p - 2 scrolls of amnesia {unknown}
 s - 2 scrolls of identify {unknown}
 w - a scroll of recharging {unknown}
Potions
 c - a potion of agility {unknown}
 i - 2 potions of magic {unknown}
 k - 2 potions of lignification {unknown}
 n - a potion of cure mutation {unknown}
 q - a potion of brilliance {unknown}
 r - a potion of haste {unknown}
 v - a potion of degeneration {unknown}
 x - a potion of curing {unknown}
 z - a potion of heal wounds {unknown}
Comestibles
 d - 3 bread rations
 g - 3 meat rations
 j - a beef jerky
 u - 5 fruits
 A - 6 chunks of flesh


   Skills:
 + Level 3.8 Fighting
 * Level 5.6 Bows
 + Level 3.2 Dodging
 - Level 2.0 Stealth


You had 5 spell levels left.
You didn't know any spells.

Dungeon Overview and Level Annotations

Branches:
Dungeon (4/15)
 Temple: D:4-7

Altars:


Innate Abilities, Weirdness & Mutations

Your plain brown scales are hard (AC +6).
Your body does not fit into most forms of armour.
You are cold-blooded and may be slowed by cold attacks.


Message History

Firing (i - inventory. (,) - cycle):
y - an arrow (quivered)
Press: ? - help, Shift-Dir - straight line, f/p - ogre
Aim: an ogre, wielding a giant club (severely wounded)
You shoot an arrow.
The arrow hits the ogre but does no damage.
The ogre is severely wounded.
Firing (i - inventory):
f - 14 arrows of flame (quivered)
Press: ? - help, Shift-Dir - straight line, f/p - ogre
Aim: an ogre, wielding a giant club (severely wounded)
You shoot an arrow of flame.
The arrow of flame barely misses the ogre.
The ogre hits you with a giant club!
Firing (i - inventory):
f - 13 arrows of flame (quivered)
Press: ? - help, Shift-Dir - straight line, f/p - ogre
Aim: an ogre, wielding a giant club (severely wounded)
You shoot an arrow of flame. The arrow of flame hits the ogre.
The arrow of flame burns the ogre.
The ogre is severely wounded.
The ogre hits you with a giant club!!
You die...

#.....#....#........+....
#.....#....#........#....
#.....###'##........#....
#...................####+
#...........###+#....
#...........# #....
#...........#
#...........+
#.......@...#
########O#### .(. $..(.
...(... ..####..# ... ..#
... .(#


You could see an ogre.

Vanquished Creatures
  A hippogriff (D:4)
  An orc priest (D:2)
  3 orc wizards (D:3)
  3 adders
  A gnoll (D:1)
  2 oozes (D:1)
  A worm (D:2)
  3 giant geckos
  10 orcs (D:3)
  8 bats
  3 giant cockroaches
  15 goblins
  7 hobgoblins
  3 jackals (D:3)
  2 quokkas (D:2)
  3 giant newts
  8 kobolds
  A quokka skeleton (D:4)
  5 rats
80 creatures vanquished.

Notes
Turn   | Place    | Note
--------------------------------------------------------------
     0 | D:1      | namelastname112 the Draconian Hunter began the quest for the Orb.
     0 | D:1      | Reached XP level 1. HP: 17/17 MP: 1/1
    83 | D:1      | Reached skill level 1 in Stealth
    83 | D:1      | Reached XP level 2. HP: 25/25 MP: 2/2
   378 | D:1      | Reached skill level 4 in Bows
   378 | D:1      | Reached XP level 3. HP: 26/30 MP: 3/3
  1106 | D:2      | Reached XP level 4. HP: 37/37 MP: 4/4
  1806 | D:3      | Reached XP level 5. HP: 24/45 MP: 5/5
  2114 | D:3      | Reached skill level 5 in Bows
  2557 | D:4      | Noticed a hippogriff
  2562 | D:4      | Killed a hippogriff
  2562 | D:4      | Reached XP level 6. HP: 50/52 MP: 6/6
  2731 | D:4      | Slain by an ogre

Vault maps used:
D:1:      scummos_arrival_star
D:2:      kennysheep_potato
D:4:      uniq_grinder

Action                   |  1- 3 |  4- 6 || total
-------------------------+-------+-------++-------
 Fire: Shortbow          |   122 |   160 ||   282
  Eat: Chunk             |       |     5 ||     5
